APL (24 & UNDER)
MONTGOMERY GREY SOX @ BEAVERTON BRONZE SOULS
09/24/2025
 
TOP OF THE 1ST
Montgomery Grey Sox batting - Pitching for Beaverton Bronze Souls : RHP Ralph Jackson
Pitching: RHP Ralph Jackson
Batting: SHB Marvin López 0-0: Ball
1-0: Foul Ball, location: 2F
1-1: DOUBLE (Line Drive, 5D)
Batting: RHB Rusty Downy 0-0: Ball
1-0: Called Strike
1-1: Foul Ball, location: 2F
1-2: Ball
2-2: Ball
3-2: Strikes out looking
Batting: LHB Al Gaines 0-0: Ground out 1-3 (Groundball, 13)
Marvin López to third
Batting: RHB Bob Johnson 0-0: Fly out, F8 (Flyball, 8RXD)
Top of the 1st over - 0 run(s), 1 hit(s), 0 error(s), 1 left on base; Montgomery 0 - Beaverton 0
BOTTOM OF THE 1ST
Beaverton Bronze Souls batting - Pitching for Montgomery Grey Sox : RHP Jorge Gonzáles
Pitching: RHP Jorge Gonzáles
Batting: RHB Juan Becerra 0-0: Ball
1-0: Ball
2-0: Ball
3-0: Called Strike
3-1: Foul Ball, location: 2F
3-2: Base on Balls
Batting: LHB Richard Méndez 0-0: Ball
1-0: Ball
2-0: Called Strike
2-1: Swinging Strike
2-2: Ball
3-2: Base on Balls
Juan Becerra to second
Batting: RHB Brian Dixon 0-0: Ball
1-0: Called Strike
1-1: Swinging Strike
1-2: Ball
2-2: Strikes out looking
Batting: RHB Jim Villiers 0-0: Called Strike
0-1: Called Strike
0-2: Ball
1-2: SINGLE (Groundball, 56D)
Juan Becerra to third
Richard Méndez to second
Runner from 3rd tries for Home, SAFE, no throw or cutoff
Batting: RHB Jaime Rodríguez 0-0: Ball
1-0: Ball
2-0: Ball
3-0: Called Strike
3-1: Base on Balls
Richard Méndez to third
Jim Villiers to second
Batting: LHB Cristóbal Gómez 0-0: Ball
1-0: Ground out 4-3 (Groundball, 4M)
Richard Méndez scores
Jim Villiers to third
Jaime Rodríguez to second
Batting: SHB Dawson Fowler 0-0: Ball
1-0: Swinging Strike
1-1: Called Strike
1-2: Strikes out swinging
Bottom of the 1st over - 2 run(s), 1 hit(s), 0 error(s), 2 left on base; Montgomery 0 - Beaverton 2
TOP OF THE 2ND
Montgomery Grey Sox batting - Pitching for Beaverton Bronze Souls : RHP Ralph Jackson
Batting: SHB Hoyt Norris 0-0: Called Strike
0-1: Foul Ball, location: 2F
0-2: Ball
1-2: Strikes out swinging
Batting: RHB Dean Bailey 0-0: SINGLE (Groundball, 56)
Batting: SHB Joe Pierce 0-0: Called Strike
0-1: Foul Ball, location: 2F
0-2: Ball
Wild Pitch!
Dean Bailey to second
Single, Error in OF, E8, batter to second base
Dean Bailey scores
Batting: RHB José Carlos Caraballo 0-0: Ball
1-0: Ball
2-0: Ball
3-0: Base on Balls
Batting: RHB Sergio Gonzáles 0-0: Called Strike
0-1: Swinging Strike
0-2: Ball
1-2: Foul Ball, location: 2F
1-2: Ball
2-2: Foul Ball, location: 2F
2-2: Foul Ball, location: 2F
2-2: Foul Ball, location: 2F
2-2: SINGLE (Groundball, 6) (infield hit)
Joe Pierce to third
José Carlos Caraballo to second
Batting: SHB Marvin López 0-0: Swinging Strike
0-1: Ball
1-1: SINGLE (Line Drive, 56)
Joe Pierce scores
José Carlos Caraballo to third
Sergio Gonzáles to second
Runner from 3rd tries for Home, SAFE, no throw or cutoff
Batting: RHB Rusty Downy 0-0: Ball
1-0: Ball
2-0: Called Strike
2-1: Foul Ball, location: 2F
2-2: Foul Ball, location: 2F
2-2: Strikes out swinging
Batting: LHB Al Gaines 0-0: Called Strike
0-1: Called Strike
0-2: Ball
1-2: Ball
2-2: Reached on error, E5 (Groundball, 56)
Sergio Gonzáles to third
Marvin López to second
Batting: RHB Bob Johnson 0-0: Swinging Strike
0-1: Swinging Strike
0-2: Strikes out swinging
Top of the 2nd over - 3 run(s), 4 hit(s), 2 error(s), 3 left on base; Montgomery 3 - Beaverton 2
BOTTOM OF THE 2ND
Beaverton Bronze Souls batting - Pitching for Montgomery Grey Sox : RHP Jorge Gonzáles
Batting: LHB Howard Holder 0-0: Called Strike
0-1: Foul Ball, location: 2F
0-2: Ball
1-2: Foul Ball, location: 2F
1-2: Strikes out swinging
Batting: RHB Tom Hicks 0-0: Foul Ball, location: 2F
0-1: Called Strike
0-2: Strikes out swinging
Batting: RHB Juan Becerra 0-0: Swinging Strike
0-1: Foul Ball, location: 2F
0-2: Ground out 1-3 (Groundball, 15S)
Bottom of the 2nd over - 0 run(s), 0 hit(s), 0 error(s), 0 left on base; Montgomery 3 - Beaverton 2
TOP OF THE 3RD
Montgomery Grey Sox batting - Pitching for Beaverton Bronze Souls : RHP Ralph Jackson
Batting: SHB Hoyt Norris 0-0: Ball
1-0: Ball
2-0: Called Strike
2-1: Called Strike
2-2: Strikes out swinging
Batting: RHB Dean Bailey 0-0: Ball
1-0: Ball
2-0: SINGLE (Line Drive, 8LS)
Batting: SHB Joe Pierce 0-0: Swinging Strike
0-1: Reached on error, E3 (Groundball, 34)
Dean Bailey to second
Batting: RHB José Carlos Caraballo 0-0: Ball
1-0: Called Strike
1-1: Ball
2-1: Swinging Strike
2-2: Foul Ball, location: 2F
2-2: Foul Ball, location: 2F
2-2: Strikes out looking
Batting: RHB Sergio Gonzáles 0-0: Called Strike
0-1: Ball
1-1: Ball
2-1: Foul Ball, location: 2F
2-2: Ball
3-2: Foul Ball, location: 2F
3-2: Foul Ball, location: 2F
3-2: Strikes out swinging
Top of the 3rd over - 0 run(s), 1 hit(s), 1 error(s), 2 left on base; Montgomery 3 - Beaverton 2
BOTTOM OF THE 3RD
Beaverton Bronze Souls batting - Pitching for Montgomery Grey Sox : RHP Jorge Gonzáles
Now in CF: Alberto Santos
Batting: LHB Richard Méndez 0-0: Called Strike
0-1: Called Strike
0-2: Ball
1-2: Fly out, F8 (Flyball, 8LM)
Batting: RHB Brian Dixon 0-0: Called Strike
0-1: Foul Ball, location: 2F
0-2: Foul Ball, location: 2F
0-2: Foul Ball, location: 2F
0-2: Foul Ball, location: 2F
0-2: Foul Ball, location: 2F
0-2: Strikes out looking
Batting: RHB Jim Villiers 0-0: Foul Ball, location: 2F
0-1: Ground out 5-3 (Groundball, 5)
Bottom of the 3rd over - 0 run(s), 0 hit(s), 0 error(s), 0 left on base; Montgomery 3 - Beaverton 2
TOP OF THE 4TH
Montgomery Grey Sox batting - Pitching for Beaverton Bronze Souls : RHP Ralph Jackson
Batting: SHB Marvin López 0-0: Ball
1-0: Foul Ball, location: 2F
1-1: Ball
2-1: Ball
3-1: Base on Balls
Batting: RHB Rusty Downy 0-0: Ball
1-0: Swinging Strike
1-1: Swinging Strike
1-2: Ball
2-2: Ball
3-2: Base on Balls
Marvin López to second
Pitching: RHP Pepe Torres
Batting: LHB Al Gaines 0-0: Ball
1-0: Fly out, F9 (Flyball, 89M)
Batting: RHB Bob Johnson 0-0: Ball
1-0: Fly out, F7 (Flyball, 78M)
Batting: SHB Hoyt Norris 0-0: Foul Ball, location: 2F
0-1: Ball
1-1: Called Strike
1-2: Foul Ball, location: 2F
1-2: Ball
2-2: Foul Ball, location: 2F
2-2: Fly out, F7 (Flyball, 78D)
Top of the 4th over - 0 run(s), 0 hit(s), 0 error(s), 2 left on base; Montgomery 3 - Beaverton 2
BOTTOM OF THE 4TH
Beaverton Bronze Souls batting - Pitching for Montgomery Grey Sox : RHP Jorge Gonzáles
Batting: RHB Jaime Rodríguez 0-0: Ball
1-0: Foul Ball, location: 2F
1-1: Ball
2-1: Foul Ball, location: 2F
2-2: Ball
3-2: SINGLE (Groundball, 6M)
Batting: LHB Cristóbal Gómez 0-0: Ball
1-0: Ball
2-0: Ball
3-0: Called Strike
3-1: Called Strike
3-2: Fly out, F6 (Popup, 6MS)
Batting: SHB Dawson Fowler 0-0: SINGLE (Line Drive, 89S)
Jaime Rodríguez to second
Batting: LHB Howard Holder 0-0: Foul Ball, location: 2F
0-1: Ball
1-1: Ball
2-1: Ball
3-1: Base on Balls
Jaime Rodríguez to third
Dawson Fowler to second
Batting: RHB Tom Hicks 0-0: Ball
1-0: Called Strike
1-1: Called Strike
1-2: Fielders Choice at 2nd, 6-4 (Groundball, 6)
Jaime Rodríguez scores
Dawson Fowler to third
Batting: RHB Juan Becerra 0-0: Ball
1-0: Ball
2-0: Foul Ball, location: 2F
2-1: Ball
3-1: Base on Balls
Tom Hicks to second
Batting: LHB Richard Méndez 0-0: SINGLE (Groundball, 6MD)
Dawson Fowler scores
Tom Hicks to third
Juan Becerra to second
Runner from 3rd tries for Home, SAFE, no throw or cutoff
Batting: RHB Brian Dixon 0-0: Called Strike
0-1: Ball
1-1: Ball
2-1: Ball
3-1: Base on Balls
Juan Becerra to third
Richard Méndez to second
Pitching: RHP Dan Gibson
Batting: RHB Jim Villiers 0-0: Fielders Choice at 2nd, U6 (Groundball, 6M)
Bottom of the 4th over - 3 run(s), 3 hit(s), 0 error(s), 3 left on base; Montgomery 3 - Beaverton 5
TOP OF THE 5TH
Montgomery Grey Sox batting - Pitching for Beaverton Bronze Souls : RHP Pepe Torres
Batting: RHB Dean Bailey 0-0: Called Strike
0-1: Ball
1-1: Called Strike
1-2: Ball
2-2: Foul Ball, location: 2F
2-2: Foul Ball, location: 2F
2-2: Foul Ball, location: 2F
2-2: Fly out, F9 (Flyball, 9M)
Batting: SHB Joe Pierce 0-0: Called Strike
0-1: Ball
1-1: Foul Ball, location: 2F
1-2: Strikes out looking
Batting: LHB Alberto Santos 0-0: Called Strike
0-1: Swinging Strike
0-2: Ground out U3 (Groundball, 3)
Top of the 5th over - 0 run(s), 0 hit(s), 0 error(s), 0 left on base; Montgomery 3 - Beaverton 5
BOTTOM OF THE 5TH
Beaverton Bronze Souls batting - Pitching for Montgomery Grey Sox : RHP Dan Gibson
Batting: RHB Jaime Rodríguez 0-0: Ground out 6-3 (Groundball, 56)
Batting: LHB Cristóbal Gómez 0-0: Called Strike
0-1: Called Strike
0-2: Ball
1-2: Ball
2-2: Strikes out looking
Batting: SHB Dawson Fowler 0-0: Called Strike
0-1: Foul Ball, location: 2F
0-2: Ground out 1-3 (Groundball, 13)
Bottom of the 5th over - 0 run(s), 0 hit(s), 0 error(s), 0 left on base; Montgomery 3 - Beaverton 5
TOP OF THE 6TH
Montgomery Grey Sox batting - Pitching for Beaverton Bronze Souls : RHP Pepe Torres
Batting: RHB Sergio Gonzáles 0-0: Ball
1-0: Ball
2-0: Foul Ball, location: 2F
2-1: Foul Ball, location: 2F
2-2: Ball
3-2: Foul Ball, location: 2F
3-2: Base on Balls
Batting: SHB Marvin López 0-0: Called Strike
0-1: Swinging Strike
0-2: Ball
1-2: Ball
2-2: Grounds out, U3 (Groundball, 3L)
Batting: RHB Rusty Downy 0-0: Ball
1-0: Swinging Strike
1-1: Ball
2-1: Ball
3-1: Foul Ball, location: 2F
3-2: Fly out, F8 (Flyball, 8RM)
Runner from 2nd tags up, SAFE at 3rd with throw
Batting: LHB Al Gaines 0-0: Ball
1-0: Foul Ball, location: 2F
1-1: Fly out, F4 (Popup, 4M)
Top of the 6th over - 0 run(s), 0 hit(s), 0 error(s), 1 left on base; Montgomery 3 - Beaverton 5
BOTTOM OF THE 6TH
Beaverton Bronze Souls batting - Pitching for Montgomery Grey Sox : RHP Dan Gibson
Batting: LHB Howard Holder 0-0: Fly out, F9 (Line Drive, 9M)
Batting: RHB Tom Hicks 0-0: Ball
1-0: Ball
2-0: Ball
3-0: Base on Balls
Batting: RHB Juan Becerra 0-0: Called Strike
Tom Hicks is caught stealing 2nd base
0-1: Swinging Strike
0-2: Foul Ball, location: 2F
0-2: Foul Ball, location: 2F
0-2: Ground out 5-3 (Groundball, 56S)
Bottom of the 6th over - 0 run(s), 0 hit(s), 0 error(s), 0 left on base; Montgomery 3 - Beaverton 5
TOP OF THE 7TH
Montgomery Grey Sox batting - Pitching for Beaverton Bronze Souls : RHP Pepe Torres
Pitching: LHP Luis Carbajal
Batting: RHB Bob Johnson 0-0: Swinging Strike
0-1: Swinging Strike
0-2: Strikes out swinging
Batting: SHB Hoyt Norris 0-0: Called Strike
0-1: Foul Ball, location: 2F
0-2: Ball
1-2: Strikes out swinging
Batting: RHB Dean Bailey 0-0: Ball
1-0: Called Strike
1-1: Ball
2-1: Ball
3-1: Base on Balls
Batting: SHB Joe Pierce 0-0: Called Strike
0-1: Ball
1-1: Ball
2-1: SINGLE (Line Drive, 7LM)
Dean Bailey to second
Pinch Hitting: RHB Joe Courtier 0-0: Foul Ball, location: 2F
0-1: Ball
1-1: SINGLE (Line Drive, 8LS)
Dean Bailey to third
Joe Pierce to second
Runner from 3rd tries for Home, SAFE, throw made home
Joe Pierce to third
Joe Courtier to second
Pinch Hitting: RHB Jerry Johnston 0-0: Ball
1-0: Foul Ball, location: 2F
1-1: Ball
2-1: Foul Ball, location: 2F
2-2: Ball
3-2: Base on Balls
Batting: SHB Marvin López 0-0: Ball
1-0: Ball
2-0: Fly out, F9 (Flyball, 9M)
Top of the 7th over - 1 run(s), 2 hit(s), 0 error(s), 3 left on base; Montgomery 4 - Beaverton 5
BOTTOM OF THE 7TH
Beaverton Bronze Souls batting - Pitching for Montgomery Grey Sox : RHP Dan Gibson
Pitching: LHP Lee González
Now at SS: Félix Cruz
Now in CF: Jerry Johnston
Batting: LHB Richard Méndez 0-0: Ball
1-0: Fly out, F5 (Popup, 5SF)
Pitching: LHP Wilson Romero
Batting: RHB Brian Dixon 0-0: SINGLE (Groundball, 25) (infield hit)
Batting: RHB Jim Villiers 0-0: Fly out, F7 (Flyball, 7LD)
Batting: RHB Jaime Rodríguez 0-0: Fielders Choice at 2nd, 5-4 (Groundball, 56)
Bottom of the 7th over - 0 run(s), 1 hit(s), 0 error(s), 0 left on base; Montgomery 4 - Beaverton 5
TOP OF THE 8TH
Montgomery Grey Sox batting - Pitching for Beaverton Bronze Souls : LHP Luis Carbajal
Pitching: LHP Mike Stevens
Now in CF: Jesús Sosa
Batting: RHB Rusty Downy 0-0: Called Strike
0-1: Swinging Strike
0-2: Foul Ball, location: 2F
0-2: Foul Ball, location: 2F
0-2: Strikes out swinging
Batting: LHB Al Gaines 0-0: Swinging Strike
0-1: Ball
1-1: Ball
2-1: Called Strike
2-2: Strikes out swinging
Batting: RHB Bob Johnson 0-0: Swinging Strike
0-1: Called Strike
0-2: Ball
1-2: Ball
2-2: Ball
3-2: Base on Balls
Pinch Hitting: RHB Bryant von Bohlen 0-0: Ball
1-0: Foul Ball, location: 2F
1-1: Ball
2-1: Swinging Strike
2-2: Foul Ball, location: 2F
2-2: Strikes out swinging
Top of the 8th over - 0 run(s), 0 hit(s), 0 error(s), 1 left on base; Montgomery 4 - Beaverton 5
BOTTOM OF THE 8TH
Beaverton Bronze Souls batting - Pitching for Montgomery Grey Sox : LHP Wilson Romero
Now in LF: Frederick Curtis
Batting: LHB Cristóbal Gómez 0-0: Called Strike
0-1: Called Strike
0-2: Strikes out swinging
Batting: SHB Dawson Fowler 0-0: Foul Ball, location: 2F
0-1: Fly out, F8 (Flyball, 8LM)
Batting: LHB Howard Holder 0-0: Ball
1-0: Ground out 1-3 (Groundball, 23)
Bottom of the 8th over - 0 run(s), 0 hit(s), 0 error(s), 0 left on base; Montgomery 4 - Beaverton 5
TOP OF THE 9TH
Montgomery Grey Sox batting - Pitching for Beaverton Bronze Souls : LHP Mike Stevens
Pitching: RHP Taylor Bowen
Now at 3B: David Kerr
Batting: RHB Dean Bailey 0-0: Swinging Strike
0-1: Ball
1-1: Swinging Strike
1-2: Foul Ball, location: 2F
1-2: Ball
2-2: Foul Ball, location: 2F
2-2: Strikes out swinging
Batting: SHB Joe Pierce 0-0: Ground out 4-3 (Groundball, 4)
Pinch Hitting: LHB Bob Jones 0-0: Foul Ball, location: 2F
0-1: Ball
1-1: SINGLE (Groundball, 6MD)
Batting: RHB Jerry Johnston 0-0: Ground out 6-3 (Groundball, 6)
Top of the 9th over - 0 run(s), 1 hit(s), 0 error(s), 1 left on base; Montgomery 4 - Beaverton 5
This league is powered by Out of the Park Baseball, the baseball management simulation game for PC, Mac and Linux
Tuesday, August 2nd, 2016 - OOTP Baseball 16.8 Build 38